 Dungeon Crawl Stone Soup version 0.17.2-1-ge4368a0 (webtiles) character file.

1566 Goblin1989 the Grappler (level 8, -10/58 HPs)
             Began as a Demonspawn Fighter on Sept 25, 2016.
             Was an Initiate of Gozag.
             Killed from afar by Pikel (20 damage)
             ... with a wand of lightning
             ... on level 6 of the Dungeon.
             The game lasted 00:22:39 (5443 turns).

Goblin1989 the Grappler (Demonspawn Fighter)        Turns: 5443, Time: 00:22:39

Health: -10/58     AC:  9    Str: 19    XL:     8   Next: 59%
Magic:  8/8        EV:  7    Int:  9    God:    Gozag
Gold:   666        SH:  9    Dex: 13    Spells: 0 memorised, 7 levels left

rFire  . . .     SeeInvis .       - Unarmed
rCold  . . .     Clarity  .     b - +0 scale mail
rNeg   . . .     SustAt   .     c - +0 shield
rPois  .         Gourm    .     (helmet restricted)
rElec  .         Spirit   .     n - +0 cloak
rCorr  .         Warding  .     (no gloves)
rMut   .         Stasis   .     y - +0 pair of boots
MR     .....                    (no amulet)
Stlth  ..........               (no ring)
                                (no ring)

@: not resistant to hostile enchantments, extremely unstealthy
A: antennae 2, claws 2, powered by pain 2
a: Potion Petition, Call Merchant, Bribe Branch, Renounce Religion


You were on level 6 of the Dungeon.
You worshipped Gozag.
Gozag was noncommittal.
You were not hungry.

You visited 1 branch of the dungeon, and saw 7 of its levels.

You collected 792 gold pieces.
You spent 90 gold pieces at shops.
You paid 36 gold pieces to Gozag.

Inventory:

Armour
 b - a +0 scale mail (worn)
 c - a +0 shield (worn)
 n - a +0 cloak (worn)
 y - a +0 pair of boots (worn)
Wands
 a - a wand of slowing (31)
 w - a wand of lightning (0)
Scrolls
 d - a scroll of holy word {unknown}
 f - a scroll of enchant armour {unknown}
 g - 7 scrolls of remove curse
 i - a scroll of random uselessness {unknown}
 j - 2 scrolls of teleportation {unknown}
 o - 2 scrolls of blinking {unknown}
 v - 4 scrolls of identify {unknown}
 x - a scroll of acquirement {unknown}
 z - a scroll of fog {unknown}
Potions
 h - a potion of resistance
 k - a potion of haste
 l - a potion of curing
 q - 2 potions of lignification
 t - a potion of poison
Comestibles
 e - 4 bread rations


   Skills:
 + Level 3.4 Fighting
   Level 3.1 Maces & Flails
 + Level 3.0 Armour
 + Level 3.1 Shields
 * Level 9.1 Unarmed Combat


You had 7 spell levels left.
You didn't know any spells.

Dungeon Overview and Level Annotations

Branches:
Dungeon (7/15)
 Temple: D:4-7

Altars:
Cheibriados
Fedhas
Gozag
Makhleb
Nemelex Xobeh
Okawaru
Vehumet
Zin

Annotations:
D:6 exclusion: oklob plant, Pikel


Innate Abilities, Weirdness & Mutations

You have a pair of antennae on your head.
You have very sharp fingernails.
You sometimes gain power by taking damage.


Message History

The orc is almost dead.
The orc hits you but does no damage.
You scratch the orc but do no damage.
The orc is almost dead.
The orc hits you with a falchion of protection.
* * * LOW HITPOINT WARNING * * *
You take 5 damage, and have 8/58 hp.
You claw the orc!
You kill the orc!
You now have 666 gold pieces (gained 9).
Things that are here:
a falchion of protection; a ring mail You start resting.
Pikel shouts!
Pikel zaps a wand.
The bolt of lightning misses you.
Pikel zaps a wand.
The bolt of lightning hits you!
You die...
Your body crumbles into a pile of gold.

#.#.####.#.##)##...o.............
#.#.#..#.#.##.##.########.#.#.##.
#.#.#..#.#.##.##.# #.#.._...
#.#....#.#.##.##.# #.#.#.#..
#.####<#.#.##.##.########.#.#....
#.###......[...[............##...
#........#.##.##.########.#......
#####.####....##.# #.#.####.
#)##########@########.#)#....
#.##...)............[.#.#.##.
#####.##(#.....)>...........))...
#........#K################)#.##.
#........#.# #.........#.#.##.
#........#.# #.........#.#....
#........#.# #.........#.#####
#........#.# #...).....#......
#........#.# ####.........#######


You could see Pikel.

Vanquished Creatures
  Sigmund (D:6)
  A slave (D:5)
  A sky beast (D:6)
  2 ogres
  A centaur (D:6)
  A giant frog (D:6)
  7 wights
  3 crimson imps
  A quasit (D:6)
  A hound (D:6)
  Crazy Yiuf (D:7)
  3 orc priests
  Ijyb (D:2)
  3 giant frog skeletons
  An iguana (D:6)
  4 orc wizards
  A worker ant (D:5)
  6 adders
  2 adder zombies
  2 worms
  23 orcs
  4 ball pythons
  7 bats
  4 giant cockroaches
  7 goblins
  6 hobgoblins
  10 jackals
  5 kobolds
  9 giant newts
  A quokka (D:3)
  7 rats
126 creatures vanquished.

Notes
Turn   | Place    | Note
--------------------------------------------------------------
     0 | D:1      | Goblin1989 the Demonspawn Fighter began the quest for the Orb.
     0 | D:1      | Reached XP level 1. HP: 18/18 MP: 1/1
   166 | D:1      | You fall through a shaft!
   220 | D:1      | Gained mutation: You sometimes gain a little power by taking damage. [demonic ancestry]
   220 | D:1      | Reached XP level 2. HP: 21/24 MP: 2/2
   540 | D:1      | Gained mutation: You have a pair of small antennae on your head. [demonic ancestry]
   540 | D:1      | Reached XP level 3. HP: 16/29 MP: 3/3
   656 | D:2      | Reached skill level 1 in Unarmed Combat
   679 | D:2      | Noticed Ijyb
   712 | D:2      | Killed Ijyb
   712 | D:2      | Gained mutation: You have a pair of antennae on your head. [demonic ancestry]
   712 | D:2      | Reached XP level 4. HP: 9/35 MP: 4/4
  1223 | D:2      | Found an opulent altar of Gozag.
  1233 | D:2      | Became a worshipper of Gozag Ym Sagoz the Greedy
  1340 | D:2      | Found a radiant altar of Vehumet.
  1704 | D:3      | Gained mutation: You sometimes gain power by taking damage. [demonic ancestry]
  1704 | D:3      | Reached XP level 5. HP: 33/41 MP: 5/5
  2207 | D:4      | Reached skill level 4 in Unarmed Combat
  2216 | D:4      | Noticed an ogre
  2224 | D:5      | Entered Level 5 of the Dungeon
  2519 | D:5      | Gained mutation: You have sharp fingernails. [demonic ancestry]
  2519 | D:5      | Reached XP level 6. HP: 47/47 MP: 6/6
  2559 | D:5      | Found Zin's Purification Station.
  2560 | D:5      | Found a glowing silver altar of Zin.
  2567 | D:5      | Bought a potion of curing for 90 gold pieces
  2613 | D:5      | Reached skill level 5 in Unarmed Combat
  2757 | D:5      | Found a sparkling altar of Nemelex Xobeh.
  2770 | D:5      | Got a brightly glowing whip
  2920 | D:5      | Found a snail-covered altar of Cheibriados.
  3193 | D:6      | Noticed Sigmund
  3214 | D:6      | Killed Sigmund
  3214 | D:6      | Reached skill level 6 in Unarmed Combat
  3214 | D:6      | Gained mutation: You have very sharp fingernails. [demonic ancestry]
  3214 | D:6      | Reached XP level 7. HP: 52/52 MP: 7/7
  3313 | D:6      | Goblin1989: !lg * !won urune=15 s=name
  3313 | D:6      | beem: 534 games for * (!won urune=15): 12x runewalsh, 9x Herrn, 6x Sky, 5x Airwolf, 5x qtip, 4x letownia, 4x 4thArraOfDagon, 4x 7r0gl0dyt3, 4x Iwugu, 4x otabman, 4x Genou, 3x MrPlanck, 3x LAYA, 3x ztt, 3x larloch, 3x Elystan, 3x enigmoo, 3x SaintRoka, 3x Vidiiot, 3x kazuki, 3x Numknucks, 3x Anonymous1, 3x Sar, 3x bluemoon, 2x Chago123, 2x Acidburn6, 2x Bcadren, 2x soeti, 2x DenpaOtoko, 2x AFBluenear, ...
  3403 | D:6      | HP: 1/52 [sky beast (5)]
  3414 | D:6      | Found a burning altar of Makhleb.
  3461 | D:6      | Reached skill level 7 in Unarmed Combat
  3809 | D:6      | Found a blossoming altar of Fedhas.
  3823 | D:6      | Noticed an oklob plant
  4130 | D:6      | Reached skill level 8 in Unarmed Combat
  4130 | D:6      | Reached XP level 8. HP: 58/58 MP: 8/8
  4638 | D:6      | Noticed Pikel
  4757 | D:7      | Noticed Crazy Yiuf
  4771 | D:7      | Killed Crazy Yiuf
  4829 | D:7      | Found an iron altar of Okawaru.
  5076 | D:7      | Reached skill level 9 in Unarmed Combat
  5443 | D:6      | Killed from afar by Pikel

Action                   |  1- 3 |  4- 6 |  7- 9 || total
-------------------------+-------+-------+-------++-------
Melee: Flail             |   135 |   222 |       ||   357
       Unarmed           |       |     8 |   205 ||   213
Invok: Potion Petition   |       |     1 |       ||     1
Evoke: Wand              |       |       |     8 ||     8
  Use: Potion            |     4 |     2 |     9 ||    15
       Scroll            |       |     1 |       ||     1
 Stab: Distracted        |       |     1 |       ||     1
  Eat: Chunk             |       |     2 |       ||     2
       Fruit             |       |     7 |       ||     7
       Royal jelly       |       |       |     2 ||     2
       Meat ration       |       |       |     1 ||     1
